 Dungeon Crawl Stone Soup version 0.22.0-38-g04b72b8c25 (webtiles) character file.

384 MirrMurr the Poker (level 6, -2/47 HPs)
             Began as a Demonspawn Gladiator on Aug 28, 2018.
             Slain by Duvessa
             ... wielding a +0 short sword
              (3 damage)
             ... on level 4 of the Dungeon.
             The game lasted 00:06:54 (4149 turns).

MirrMurr the Poker (Demonspawn Gladiator)           Turns: 4149, Time: 00:06:54

Health: -2/47      AC:  5    Str: 16    XL:     6   Next: 47%
Magic:  6/6        EV: 14    Int: 10    God:
Gold:   128        SH:  0    Dex: 16    Spells: 5/5 levels left

rFire    . . .     SeeInvis .   a - +0 trident
rCold    + . .     Gourm    .   (no shield)
rNeg     . . .     Faith    +   e - +0 leather armour
rPois    .         Spirit   .   c - +0 helmet
rElec    .         Reflect  .   m - +0 cloak
rCorr    .         Harm     .   (no gloves)
MR       .....                  (no boots)
Stlth    ++........             l - amulet of faith
HPRegen  0.15/turn              (no ring)
MPRegen  0.10/turn              (no ring)

@: no status effects
A: claws 1, thin skeletal structure 1, cold resistance 1
a: no special abilities


You were on level 4 of the Dungeon.
You were not hungry.

You visited 1 branch of the dungeon, and saw 4 of its levels.

You collected 128 gold pieces.

Inventory:

Hand Weapons
 a - a +0 trident (weapon)
 b - a +0 hunting sling
 q - a +0 blowgun
Missiles
 d - 3 throwing nets {!f}
 h - 82 stones (quivered)
 i - 19 sling bullets
 n - 24 bolts
 u - 16 poisoned needles
Armour
 c - a +0 helmet (worn)
 e - a +0 leather armour (worn)
 m - a +0 cloak (worn)
Jewellery
 k - a cursed ring of teleportation {unknown}
 l - an amulet of faith (around neck)
 w - an uncursed amulet of magic regeneration {unknown}
 x - a cursed ring of attention {unknown}
 A - an uncursed amulet of the gourmand {unknown}
Scrolls
 g - 2 scrolls of teleportation
 r - 3 scrolls of remove curse
 v - a scroll of identify
 y - a scroll of enchant weapon {unknown}
Potions
 j - a potion of mutation {unknown}
 o - a potion of flight {unknown}
 p - 3 potions of might
 s - 2 potions of curing
 z - a potion of magic {unknown}
Comestibles
 f - 7 rations
 t - 3 chunks of flesh


   Skills:
 + Level 3.5 Fighting
 * Level 4.7 Polearms
 - Level 1.7 Throwing
 + Level 2.4 Armour
 + Level 3.8 Dodging


You had 5 spell levels left.
You didn't know any spells.
Your spell library was empty.

Dungeon Overview and Level Annotations

Branches:
Dungeon (4/15)
 Temple: D:4-7

Altars:
Ashenzari
Elyvilon
Nemelex Xobeh

Annotations:
D:2 1 runed door
D:4 Dowan, Duvessa


Innate Abilities, Weirdness & Mutations

You have sharp fingernails.
You have a somewhat thin skeletal structure. (Dex +2, Stealth)
Your flesh is cold resistant. (rC+)


Message History

You are too injured to fight recklessly!
You closely miss Duvessa.
Duvessa is heavily wounded.
Duvessa gestures with her weapon.
Duvessa misses you. Dowan hits you with a dagger. Duvessa closely misses you.
You hit Duvessa.
Duvessa is heavily wounded.
Duvessa completely misses you. Dowan gestures at you while chanting.
You resist with some effort.
You hit Duvessa but do no damage.
Duvessa is heavily wounded.
Duvessa hits you with a short sword!
* * * LOW HITPOINT WARNING * * *
Dowan misses you. Duvessa hits you with a short sword!
* * * LOW HITPOINT WARNING * * *
You closely miss Duvessa.
Duvessa is heavily wounded.
Duvessa hits you with a short sword.
You die...

#.#####.# ##.......# #.#
....###### ##.# ..).#######
#..# ............ #..+
........###.. #..#
.............. #..#
...............#####..###'###
###.....####...e@e.....(((..(
#...>..# ##.######.####.##(
#..#########.# #.#
#............# #.#
#.#.##.#####.# ##.#
#.#.##.#####.#####..#
#.#.##.............##
#.#.######.#.####..# ##.#.#
#.#.# #..#


You could see Duvessa and Dowan.

Vanquished Creatures
  An ogre (D:4)
  A gnoll shaman (D:4)
  2 orc wizards
  A worker ant (D:4)
  5 gnolls
  5 adders
  A shadow imp (D:3)
  A worm (D:3)
  6 leopard geckos
  5 orcs
  2 ball pythons
  12 bats
  13 giant cockroaches
  2 goblins
  7 hobgoblins
  2 jackals (D:3)
  A quokka (D:3)
  6 frilled lizards
  8 kobolds
  6 rats
87 creatures vanquished.

Notes
Turn   | Place    | Note
-------+----------+-------------------------------------------
     0 | D:1      | MirrMurr the Demonspawn Gladiator began the quest for the Orb.
     0 | D:1      | Reached XP level 1. HP: 16/16 MP: 1/1
   340 | D:1      | Gained mutation: You have sharp fingernails. [demonic ancestry]
   340 | D:1      | Reached XP level 2. HP: 22/22 MP: 2/2
   360 | D:1      | Reached skill level 3 in Polearms
  1063 | D:2      | Gained mutation: You have a somewhat thin skeletal structure. (Dex +2, Stealth) [demonic ancestry]
  1063 | D:2      | Reached XP level 3. HP: 28/28 MP: 3/3
  1115 | D:2      | Reached skill level 1 in Armour
  1130 | D:2      | Found a sparkling altar of Nemelex Xobeh.
  1370 | D:2      | Reached XP level 4. HP: 33/34 MP: 4/4
  1414 | D:2      | Found a runed door.
  1973 | D:3      | Found a white marble altar of Elyvilon.
  2142 | D:3      | Reached XP level 5. HP: 25/40 MP: 5/5
  2462 | D:3      | Reached skill level 4 in Polearms
  2793 | D:4      | Noticed an ogre
  2807 | D:4      | Killed an ogre
  3191 | D:4      | Found a shattered altar of Ashenzari.
  3309 | D:4      | Gained mutation: Your flesh is cold resistant. (rC+) [demonic ancestry]
  3309 | D:4      | Reached XP level 6. HP: 47/47 MP: 6/6
  4125 | D:4      | Noticed Duvessa
  4126 | D:4      | Noticed Dowan
  4148 | D:4      | HP: 1/47 [Duvessa/short sword (9)]
  4149 | D:4      | Slain by Duvessa

Skill      XL: |  1  2  3  4  5 |
---------------+----------------+-----
Polearms       | 3 4 |  4.7
Armour         | 1 2 |  2.4
Dodging        | 3 |  3.8
Fighting       | 3 |  3.5
Throwing       | |  1.7

Action                   |  1- 3 |  4- 6 || total
-------------------------+-------+-------++-------
Melee: Trident           |   108 |   116 ||   224
 Fire: Hunting sling     |    56 |   118 ||   174
  Use: Scroll            |     2 |     4 ||     6
       Potion            |       |     1 ||     1
 Stab: Sleeping          |     1 |       ||     1
  Eat: Chunk             |     2 |     8 ||    10
Armor: Leather armour    |    44 |    23 ||    67
Dodge: Dodged            |   109 |    82 ||   191
